Map: Cyber Forest LE

Players

OGZest (Zest) - Winner!

  • Race: Protoss Protoss
  • Spawn Location: 5:00

Neeblet (Neeb)

  • Race: Protoss Protoss
  • League: Grandmaster
  • Spawn Location: 11:00

Event: 2019 Assembly Summer

VOD

Have the link to the VOD?

Description

Time

  • Played on: Aug. 2, 2019, 11:07 a.m.
  • Length: 10:32

All games in this series

Show
View Real Time Build Order
Export as new Build Order

OGZest Protoss - Winner!

Build Orders: Archon Immortal 

Get SALT Encoding   

  12  0:00  Probe  
  13  0:13  Probe  
  14  0:17  Pylon  
  14  0:24  Probe  
  15  0:32  Probe  
  15  0:36  Gateway  
  15  0:40  Probe  
  16  0:46  Assimilator  
  17  0:51  Probe  
  17  0:54  Assimilator  
  18  1:00  Probe  
  19  1:07  Gateway  
  19  1:08  Probe  
  19  1:17  Probe  
  20  1:23  Cybernetics Core  
  21  1:29  Probe  
  22  1:36  Pylon  
  22  1:41  Probe  
  23  1:54  Probe  
  24  2:01  Warp Gate, Stalker x2  
  28  2:12  Robotics Facility  
  28  2:18  Pylon  
  28  2:31  Stalker  
  28  2:36  Stalker  
  31  2:48  Immortal  
  31  3:02  Stalker  
  37  3:06  Pylon  
  37  3:18  Warp Prism  
  37  3:44  Shield Battery  
  37  3:50  Stalker x2  
  41  3:56  Immortal  
  45  4:10  Pylon  
  45  4:23  Sentry  
  47  4:32  Stargate  
  45  4:41  Probe  
  46  4:52  Zealot x2  
  50  4:54  Pylon  
  50  5:06  Probe  
  51  5:16  Phoenix  
  51  5:17  Observer  
  54  5:24  Nexus  
  54  5:35  Phoenix  
  52  5:43  Shield Battery  
  52  5:50  Sentry x2  
  56  6:05  Phoenix  
  56  6:08  Pylon  
  58  6:12  Gateway  
  58  6:39  Probe  
  59  6:41  Probe  
  59  6:43  Robotics Facility  
  60  6:52  Probe  
  60  6:53  Probe  
  62  7:03  Probe  
  62  7:05  Probe  
  64  7:09  Forge  
  64  7:12  Probe  
  64  7:13  Probe  
  64  7:20  Probe  
  64  7:21  Probe  
  66  7:26  Pylon  
  66  7:27  Protoss Ground Weapons Level 1  
  68  7:30  Immortal, Probe  
  68  7:32  Probe  
  74  7:41  Pylon  
  74  7:42  Assimilator  
  76  7:46  Assimilator  
  74  8:06  Twilight Council  
  74  8:10  Immortal  
  78  8:14  Pylon  
  78  8:21  Gateway  
  78  8:28  Gateway  
  78  8:31  Gateway  
  78  8:37  Pylon  
  78  8:42  Charge  
  78  8:49  Immortal  
  82  9:03  Observer  
  82  9:04  Zealot x3  
  82  9:07  Templar Archives  
  82  9:09  Gateway  
  88  9:17  Probe  
  88  9:18  Probe  
  90  9:27  Pylon  
  90  9:31  Pylon  
  90  9:44  Nexus  
  90  9:51  High Templar x3  
  90  9:52  High Templar  
  98  9:56  Archon x2  
  98  9:57  Zealot  
  98  10:17  Zealot x3  
  92  10:24  Zealot x3  
  92  10:29  Zealot  
Show
View Real Time Build Order
Export as new Build Order

Neeblet Protoss 

Build Orders:  

Get SALT Encoding   

  12  0:00  Probe  
  13  0:12  Probe  
  14  0:17  Pylon  
  14  0:24  Probe  
  15  0:32  Probe  
  15  0:37  Gateway  
  15  0:40  Probe  
  16  0:45  Assimilator  
  17  0:51  Probe  
  17  0:54  Assimilator  
  18  0:59  Probe  
  19  1:07  Gateway, Probe  
  19  1:17  Probe  
  20  1:25  Cybernetics Core  
  21  1:29  Probe  
  22  1:35  Pylon  
  22  1:41  Probe  
  23  1:53  Warp Gate, Probe  
  24  2:03  Stalker x2  
  24  2:06  Probe  
  29  2:11  Pylon  
  29  2:26  Pylon  
  29  2:33  Stalker  
  29  2:36  Stalker  
  33  2:39  Robotics Facility  
  33  3:00  Gateway  
  33  3:04  Stalker  
  35  3:06  Stalker  
  36  3:18  Pylon  
  36  3:21  Immortal  
  35  3:42  Sentry  
  35  3:45  Pylon  
  37  3:49  Stalker  
  39  4:00  Pylon  
  39  4:02  Warp Prism  
  41  4:23  Stalker  
  41  4:24  Sentry  
  45  4:33  Immortal  
  49  4:48  Robotics Bay  
  47  5:05  Warp Prism  
  43  5:09  Adept x2  
  41  5:17  Stalker x2  
  47  5:43  Pylon  
  47  5:46  Disruptor  
  50  6:04  Probe  
  50  6:12  Nexus  
  50  6:16  Probe  
  54  6:28  Probe  
  50  6:40  Probe  
  50  6:42  Stalker x2  
  55  6:48  Pylon  
  55  6:52  Probe  
  56  7:03  Forge  
  56  7:04  Probe  
  56  7:06  Sentry  
  56  7:07  Stalker  
  56  7:16  Probe  
  57  7:24  Probe x2  
  59  7:31  Zealot  
  59  7:32  Probe x2  
  63  7:42  Probe  
  63  7:43  Probe  
  65  7:54  Probe  
  65  7:55  Probe  
  67  8:01  Protoss Ground Weapons Level 1  
  67  8:05  Twilight Council  
  67  8:06  Probe  
  67  8:07  Probe  
  69  8:16  Gateway  
  69  8:18  Gateway, Probe  
  70  8:20  Gateway, Assimilator  
  70  8:22  Assimilator  
  70  8:24  Charge  
  70  8:32  Probe  
  71  8:34  Gateway  
  71  8:43  Templar Archives  
  71  8:49  Zealot  
  71  8:53  Warp Prism  
  69  9:03  Gateway  
  69  9:20  High Templar x2  
  69  9:23  Pylon  
  73  9:24  High Templar  
  73  9:25  High Templar, Archon  
  73  9:27  Pylon  
  73  9:29  Archon  
  77  9:48  Zealot x2  
  81  9:53  Pylon  
  81  9:59  High Templar x2, Zealot  
  87  10:00  Zealot x2  
  87  10:05  Archon  
  87  10:17  Zealot x2  
  75  10:24  Zealot x3  
Tags
 
Add a new tag
Caveats
  • Supply blocks, unpowered buildings, or Contaminate may cause inaccurate times.
  • Supply counts are checked every 10 seconds.